 Seeded DCSS version 0.30-a0-1124-g6e8f0f562f (webtiles) character file.

Game seed: 8527398211319475449 (custom seed)

3379 voltaire321 the Thaumaturge (level 9, -1/52 HPs)
             Began as a Deep Elf Conjurer on Apr 23, 2023.
             Slain by an orc warrior
             ... wielding a +1 war axe of flaming
              (12 damage)
             ... on level 7 of the Dungeon.
             The game lasted 00:19:52 (7050 turns).

voltaire321 the Thaumaturge (Deep Elf Conjurer)     Turns: 7050, Time: 00:19:53

Health: -1/52      AC:  9    Str:  6    XL:     9   Next: 74%
Magic:  15/23      EV: 15    Int: 26    God:
Gold:   330        SH:  0    Dex: 13    Spells: 18/24 levels left

rFire   . . .        y - +3 whip (drain)
rCold   . . .        (no shield)
rNeg    . . .        A - +0 steam dragon scales
rPois   .            (no helmet)
rElec   .            (no cloak)
rCorr   .            t - +0 pair of gloves
SInv    .            j - +1 pair of boots
Will    .....        (no amulet)
Stlth   ++++         (no ring)
HPRegen 0.28/turn    (no ring)
MPRegen 0.18/turn

%: no passive effects
@: no status effects
A: no striking features
a: no special abilities


You were on level 7 of the Dungeon.
You visited 2 branches of the dungeon, and saw 8 of its levels.

You collected 330 gold pieces.

Inventory:

Hand Weapons
 y - a +3 whip of draining (weapon)
Armour
 g - a +2 robe of positive energy
 j - a +1 pair of boots (worn)
 t - a +0 pair of gloves (worn)
 A - +0 steam dragon scales (worn)
Jewellery
 s - a +6 ring of strength
Scrolls
 c - 9 scrolls of identify
 d - 3 scrolls of poison
 f - 2 scrolls of butterflies {unknown}
 i - a scroll of acquirement {unknown}
 k - a scroll of enchant weapon {unknown}
 n - 2 scrolls of amnesia {unknown}
 o - a scroll of immolation {unknown}
 q - a scroll of blinking {unknown}
 r - 3 scrolls of enchant armour {unknown}
 w - a scroll of fog {unknown}
 B - a scroll of teleportation {unknown}
Potions
 a - a potion of flight {unknown}
 b - a potion of magic
 e - 3 potions of curing {unknown}
 h - a potion of invisibility {unknown}
 l - 3 potions of attraction {unknown}
 m - 2 potions of heal wounds {unknown}
 p - 3 potions of lignification {unknown}
 u - 2 potions of cancellation {unknown}
 v - 2 potions of brilliance {unknown}
 x - a potion of might {unknown}
 z - 2 potions of mutation {unknown}


   Skills:
 + Level 4.0 Fighting
 + Level 4.0 Armour
 + Level 7.0 Dodging
 + Level 7.6 Stealth
 + Level 8.0 Spellcasting
 + Level 7.4 Conjurations
 - Level 5.0 Hexes


You had 18 spell levels left.
You knew the following spells:

 Your Spells              Type           Power      Damage    Failure   Level
a - Magic Dart            Conj           100%       1d8       1%          1
b - Searing Ray           Conj           98%        2d8       1%          2
c - Dazzling Flash        Conj/Hex       84%        N/A       1%          3

Your spell library contained the following spells:

 Spells                   Type           Power      Damage    Failure   Level
 Fulminant Prism          Conj/Hex       21%        3d12      4%          4
 Apportation              Tloc           20%        N/A       5%          1
 Necrotise                Necr           40%        1d6       5%          1
 Summon Small Mammal      Summ           40%        N/A       5%          1
 Scorch                   Fire           20%        2d6       9%          2
 Sublimation of Blood     Necr           10%        N/A       9%          2
 Flame Wave               Conj/Fire      29%        2d9       12%         4
 Iskenderun's Mystic Bla  Conj/Tloc      29%        2d7       12%         4
 Irradiate                Conj/Tmut      14%        3d16      32%         5
 Petrify                  Tmut/Erth      10%        N/A       50%         4
 Summon Cactus Giant      Summ           5%         N/A       100%        6


Dungeon Overview and Level Annotations

Branches:
Dungeon (7/15)             Temple (1/1) D:6

Altars:
Ashenzari
Cheibriados
Dithmenos
Fedhas
Hepliaklqana
Kikubaaqudgha
Makhleb
Okawaru
Qazlal
Ru
Sif Muna
Trog
Uskayaw
Vehumet
Wu Jian
Xom
Yredelemnul
Zin
The Shining One

Shops:
D:4 [

Annotations:
D:3 Sigmund


Message History

The searing ray hits the orc warrior but does no damage.
The orc warrior is lightly wounded.
The searing ray hits the orc wizard!
The orc wizard is almost dead.
You finish channelling your searing ray.
The orc warrior completely misses you.
Casting: Searing Ray (safe; 1% risk of failure)
Confirm with . or Enter, or press ? or * to list all spells.
Aiming: Searing Ray (safe; 1% risk of failure)
Press: ? - help, Shift-Dir - straight line, f - orc warrior
Aim: an orc warrior, wielding a +1 war axe of flaming and wearing a +0 plate armour (lightly wounded, 83% to hit)
The searing ray hits the orc warrior but does no damage.
The orc warrior is lightly wounded.
The searing ray hits the orc wizard!
You kill the orc wizard! (Press . to maintain the ray.)
The orc warrior hits you with a +1 war axe of flaming.
The orc warrior burns you.
The searing ray hits the orc warrior.
The orc warrior is lightly wounded.
The orc warrior hits you with a +1 war axe of flaming.
The orc warrior burns you.
The searing ray hits the orc warrior.
The orc warrior is moderately wounded.
The orc warrior hits you with a +1 war axe of flaming!
The orc warrior burns you.
The searing ray hits the orc warrior but does no damage.
The orc warrior is moderately wounded.
You finish channelling your searing ray.
The orc warrior hits you with a +1 war axe of flaming!
* * * LOW HITPOINT WARNING * * *
The orc warrior burns you.
* * * LOW HITPOINT WARNING * * *
The orc warrior attacks as you move away!
The orc warrior barely misses you.
As you read the scroll labelled TAWUOR EQ JINU, it crumbles to dust.
It is a scroll of identify.
d - 3 scrolls of poison The orc warrior hits you with a +1 war axe of flaming!
You die...

....########....#
....#######...#.#
.<...........# #
########...#
##'## #.# #.#
####.# .
#####.@..#...
#≈≈≈≈o≈≈≈≈......
#≈##≈.≈##≈.....>
##'## ≈#+#... .).
≈# ## #...# ≈.
#.[.# ≈. #####
≈..


You could see an orc warrior.

Vanquished Creatures
  Prince Ribbit (D:6)
  5 yaks (D:5)
  Eustachio (D:6)
  A steam dragon (D:6)
  Menkaure (D:4)
  A water moccasin (D:6)
  2 ice beasts (D:6)
  2 black bears
  2 orc warriors
  A centaur (D:7)
  Blork the orc (D:5)
  A kobold brigand (D:4)
  2 bullfrogs (D:7)
  4 scorpions
  2 howler monkeys
  A crimson imp (D:6)
  2 hounds
  3 orc priests
  Natasha (thrice) (D:4)
  2 iguanas (D:6)
  Terence (D:2)
  A sleepcap (D:7)
  6 orc wizards
  3 gnolls (D:6)
  9 adders
  4 white imps
  2 worms
  2 dart slugs (D:3)
  27 orcs
  5 ball pythons
  4 bats
  8 endoplasms
  2 giant cockroaches
  7 goblins
  4 hobgoblins
  4 jackals (D:2)
  9 kobolds
  2 quokkas
  4 frilled lizards
  2 rats
144 creatures vanquished.

Notes
Turn   | Place    | Note
-------+----------+-------------------------------------------
     0 | D:1      | voltaire321 the Deep Elf Conjurer began the quest for the
                  | Orb.
     0 | D:1      | Reached XP level 1. HP: 10/10 MP: 6/6
   278 | D:1      | Reached XP level 2. HP: 15/15 MP: 4/8
   288 | D:1      | Learned a level 2 spell: Searing Ray
   610 | D:1      | Found a faded altar of an unknown god.
  1010 | D:2      | Reached XP level 3. HP: 19/19 MP: 6/10
  1505 | D:2      | Noticed Terence
  1516 | D:2      | Killed Terence
  1853 | D:3      | Noticed Sigmund
  2012 | D:3      | Reached XP level 4. HP: 24/24 MP: 4/11
  2185 | D:3      | Reached skill level 4 in Spellcasting
  2612 | D:3      | Learned a level 3 spell: Dazzling Flash
  2677 | D:4      | Reached skill level 5 in Conjurations
  2679 | D:4      | Noticed Natasha
  2687 | D:4      | Noticed a scorpion
  2688 | D:4      | Killed Natasha
  2689 | D:4      | Reached skill level 1 in Hexes
  2689 | D:4      | Reached XP level 5. HP: 22/28 MP: 3/13
  2833 | D:4      | Reached skill level 1 in Fighting
  2833 | D:4      | Reached skill level 1 in Armour
  2833 | D:4      | Reached XP level 6. HP: 19/34 MP: 5/14
  3107 | D:4      | Noticed Natasha
  3167 | D:4      | Killed Natasha
  3188 | D:4      | Noticed Natasha
  3196 | D:4      | Killed Natasha
  3487 | D:4      | Found Plog's Armour Emporium.
  3579 | D:4      | Noticed Menkaure
  3656 | D:4      | Killed Menkaure
  3657 | D:4      | Reached skill level 5 in Spellcasting
  3657 | D:4      | Reached XP level 7. HP: 32/38 MP: 7/16
  3889 | D:5      | Entered Level 5 of the Dungeon
  3966 | D:5      | Reached skill level 5 in Stealth
  4126 | D:5      | Noticed a yak
  4128 | D:5      | Noticed a yak
  4141 | D:5      | Killed a yak
  4142 | D:5      | Reached skill level 5 in Dodging
  4532 | D:5      | Noticed a yak
  4532 | D:5      | Noticed a yak
  4538 | D:5      | Noticed a yak
  4548 | D:5      | Killed a yak
  4549 | D:5      | Reached XP level 8. HP: 45/45 MP: 9/18
  4550 | D:5      | Reached skill level 6 in Spellcasting
  4737 | D:5      | Noticed Blork the orc
  4745 | D:5      | Killed Blork the orc
  5246 | D:6      | Noticed Prince Ribbit
  5253 | D:6      | Killed Prince Ribbit
  5254 | D:6      | Reached skill level 5 in Hexes
  5343 | D:6      | Reached XP level 9. HP: 47/50 MP: 15/21
  5442 | D:6      | Reached skill level 7 in Spellcasting
  6045 | D:6      | Noticed Eustachio
  6063 | D:6      | Killed Eustachio
  6211 | D:6      | Found a staircase to the Ecumenical Temple.
  6222 | Temple   | Entered the Ecumenical Temple
  6966 | D:7      | Reached skill level 8 in Spellcasting
  7050 | D:7      | Slain by an orc warrior

Illustrated notes

Levels and vault maps discovered:
D:1:      evilmike_arrival_fibonacci_small, layout_basic,
          ebering_ecumenical_altar_hall, minmay_tall_x
D:2:      layout_loops_ring, dreamdust_princess_corridor, minmay_misc_feat_chi,
          grunt_decor_cap, kennysheep_generic_room_7, uniq_terence
D:3:      layout_basic, uniq_sigmund
D:4:      layout_rooms, serial_shops, shop_fountains, uniq_natasha,
          uniq_menkaure
D:5:      layout_loops_ring, uniq_blork_the_orc
D:6:      layout_loops_ring, minmay_temple_entry_slanted, st_stairs_12,
          minmay_fire_ice_demons, uniq_prince_ribbit1, uniq_eustachio
D:7:      layout_basic, serial_glass, glass_columns_a, glass_columns_a,
          glass_columns_b, glass_columns_b, glass_columns_a, glass_columns_a,
          glass_columns_b, glass_columns_a, glass_columns_c, glass_columns_c,
          glass_columns_a, lightli_minifort
Temple:   nicolae_temple_bog_church

Skill      XL: |  1  2  3  4  5  6  7  8  9 |
---------------+----------------------------+-----
Stealth        | 3 4 5 6 7 |  7.6
Dodging        | 3 4 5 6 7 |  7.0
Spellcasting   | 4 5 6 8 |  8.0
Conjurations   | 5 6 7 |  7.4
Hexes          | 1 2 3 5 |  5.0
Fighting       | 1 2 3 4 |  4.0
Armour         | 1 2 3 4 |  4.0

Action                     |  1- 3 |  4- 6 |  7- 9 || total
---------------------------+-------+-------+-------++-------
  Melee: Dagger            |       |    26 |     1 ||    27
         Whip              |       |       |     4 ||     4
   Cast: Magic Dart        |    45 |    43 |    44 ||   132
         Searing Ray       |     7 |    23 |    56 ||    86
    Use: Scroll            |       |       |     1 ||     1
   Stab: Sleeping          |       |       |     1 ||     1
 Armour: Robe              |     3 |    25 |     3 ||    31
         Steam dragon scal |       |       |     6 ||     6
  Dodge: Dodged            |     5 |    38 |    73 ||   116

Table legend: (Time is in decaauts)
 A = Elapsed time spent in this place.
 B = Non-inter-level travel time spent in this place.
 C = Inter-level travel time spent in this place.
 D = Time resting spent in this place.
 E = Time spent auto-exploring this place.
 F = Levels seen in this place.
 G = Mean time per level.
                   A        B        C        D        E       F      G
               +--------+--------+--------+--------+--------+-----+--------+
         Total |   7065 |   6880 |    185 |   2022 |   3615 |   8 |  883.1 |
       Dungeon |   6869 |   6692 |    177 |   2022 |   3449 |   7 |  981.3 |
        Temple |    195 |    187 |      8 |      0 |    166 |   1 |  195.0 |
               +--------+--------+--------+--------+--------+-----+--------+

Top non-repeatable levels by time:
     D:6: 1501 daAuts
     D:3: 1203 daAuts
     D:5: 1179 daAuts
     D:2: 1104 daAuts
     D:4: 882 daAuts
     D:1: 703 daAuts
     D:7: 295 daAuts
  Temple: 195 daAuts
